 Seeded DCSS version 0.28.0-49-g6dfe1f597d (webtiles) character file.

Game seed: 20220513 (custom seed)

11 jessy the Skirmisher (level 2, -1/24 HPs)
             Began as a Human Cinder Acolyte on May 13, 2022.
             Was a High Priest of Ignis.
             Slain by a quokka (4 damage)
             ... on level 1 of the Dungeon.
             The game lasted 00:01:46 (293 turns).

jessy the Skirmisher (Human Cinder Acolyte)          Turns: 293, Time: 00:01:46

Health: -1/24      AC:  2    Str: 14    XL:     2   Next: 40%
Magic:  3/3        EV: 11    Int: 14    God:    Ignis [*****.]
Gold:   13         SH:  0    Dex:  8    Spells: 3/3 levels left

rFire   + . .      SeeInvis .   a - -1 mace (flame)
rCold   . . .      Faith    .   (no shield)
rNeg    . . .      Spirit   .   b - +0 robe
rPois   .          Reflect  .   (no helmet)
rElec   .          Harm     .   (no cloak)
rCorr   .          Rampage  .   (no gloves)
Will    .....                   (no boots)
Stlth   +.........              (no amulet)
HPRegen 0.08/turn               (no ring)
MPRegen 0.08/turn               (no ring)

@: no status effects
A: no striking features
a: Renounce Religion, Fiery Armour, Foxfire Swarm, Rising Flame


You were on level 1 of the Dungeon.
You worshipped Ignis.
Ignis was extremely pleased with you.
You visited 1 branch of the dungeon, and saw 1 of its levels.

You collected 13 gold pieces.

Inventory:

Hand Weapons
 a - a -1 mace of flaming (weapon)
 d - a +0 short sword of electrocution
 f - a +2 dagger of venom
Missiles
 e - 19 bolts
Armour
 b - a +0 robe (worn)
Scrolls
 c - a scroll of teleportation {unknown}


   Skills:
 + Level 3.2 Fighting
 + Level 3.2 Maces & Flails
 + Level 1.1 Spellcasting
 + Level 3.0 Fire Magic


You had 3 spell levels left.
You didn't know any spells.
Your spell library contained the following spells:

 Spells                   Type           Power      Damage    Failure   Level
 Scorch                   Fire           18%        2d5       11%         2


Dungeon Overview and Level Annotations

Branches:
Dungeon (1/15)

Altars:


Message History

The bat hits you but does no damage. The bat closely misses you.
The bat hits you.
You hit the bat. You burn the bat.
You kill the bat!
You see here a bat corpse.
A dart slug comes into view.
Found a ring mail.
The dart slug launches a dart at you. The slug dart misses you.
A quokka comes into view.
The dart slug launches a dart at you. The slug dart hits you.
You hit the dart slug. You burn the dart slug.
The dart slug is moderately wounded.
You hit the dart slug but do no damage.
The dart slug is moderately wounded.
The dart slug misses you.
You hit the dart slug but do no damage.
The dart slug is moderately wounded.
The quokka bites you. The dart slug launches a dart at you.
The slug dart hits you. The quokka closely misses you.
You hit the dart slug. You burn the dart slug.
The dart slug is severely wounded.
The dart slug closely misses you. The quokka misses you.
You completely miss the dart slug.
The dart slug is severely wounded.
The quokka barely misses you. The dart slug bites you. The quokka bites you.
You hit the dart slug. You burn the dart slug.
You kill the dart slug!
The quokka bites you.
A hobgoblin comes into view.
The hobgoblin shouts!
The quokka bites you.
* * * LOW HITPOINT WARNING * * *
The quokka bites you.
* * * LOW HITPOINT WARNING * * *
The quokka bites you.
You die...

# .#.#.# #.##.# ######
#g##.# ....[##.##.#
......##.# ###.#.#..##.#
##
.......@r...#######.##
###.#.#............#.###
#.....#########.#.....
###.### #....##. #. #.
#.#.## #.# #. #.#.# #
#.## ###. ### #.#.###.
#... ... ..# ##.#.....
#..# #.. #.# ##.#......


You could see a quokka and a hobgoblin.

Vanquished Creatures
  A dart slug (D:1)
  2 ball pythons (D:1)
  A bat (D:1)
  An endoplasm (D:1)
  A goblin (D:1)
  2 frilled lizards (D:1)
  A kobold (D:1)
9 creatures vanquished.

Notes
Turn   | Place    | Note
-------+----------+-------------------------------------------
     0 | D:1      | jessy the Human Cinder Acolyte began the quest for the Orb.
     0 | D:1      | Reached XP level 1. HP: 18/18 MP: 2/2
   112 | D:1      | Reached XP level 2. HP: 21/24 MP: 3/3
   293 | D:1      | Slain by a quokka

Illustrated notes

Levels and vault maps discovered:
D:1:      amcnicky_arrival_choice, layout_loops_ring,
          ebering_ecumenical_altar_petrified

Action                   || total
-------------------------++-------
Melee: Mace              ||    25
Armor: Robe              ||     5
Dodge: Dodged            ||    22
